 Dungeon Crawl Stone Soup version 0.21.1-1-g345015f (webtiles) character file.

33 Mirai the Vexing (level 3, -2/26 HPs)
             Began as a Vampire Enchanter on Mar 16, 2018.
             Killed from afar by Sigmund (6 damage)
             ... with a magic dart
             ... on level 2 of the Dungeon.
             The game lasted 00:02:50 (749 turns).

Mirai the Vexing (Vampire Enchanter)                 Turns: 749, Time: 00:02:51

Health: -2/26      AC:  3    Str:  7    XL:     3   Next: 12%
Magic:  0/6        EV: 13    Int: 17    God:
Gold:   0          SH:  0    Dex: 15    Spells: 3/6 levels left

rFire    . . .     SeeInvis +   a - +1 dagger
rCold    . . .     Gourm    .   (no shield)
rNeg     + . .     Faith    .   m - +0 robe (curse)
rPois    .         Spirit   .   (no helmet)
rElec    .         Reflect  .   i - +0 cloak
rCorr    .         Harm     .   (no gloves)
MR       .....                  (no boots)
Stlth    +++.......             (no amulet)
HPRegen  0.08/turn              (no ring)
MPRegen  0.10/turn              (no ring)

@: very slightly contaminated
A: fangs 3, see invisible, unbreathing
a: Bat Form


You were on level 2 of the Dungeon.
You were not thirsty.

You visited 1 branch of the dungeon, and saw 2 of its levels.

Inventory:

Hand Weapons
 a - a +1 dagger (weapon)
 f - a +0 dagger
 j - a cursed -2 short sword
 q - a +0 short sword
Armour
 b - a +0 robe
 i - a +0 cloak (worn)
 m - a cursed +0 robe (worn)
 p - a cursed +0 robe
Wands
 t - a wand of iceblast (10)
Scrolls
 g - a scroll of teleportation {unknown}
 h - a scroll of noise {unknown}
 k - a scroll of identify {unknown}
 l - a scroll of magic mapping {unknown}
 n - a scroll of remove curse {unknown}
 r - a scroll of fog {unknown}
Potions
 d - 4 potions of blood
 e - a potion of lignification {unknown}
 o - a potion of experience {unknown}
 s - a potion of curing {unknown}
Books
 c - a book of Maledictions

   Spells                             Type                      Level
   a - Corona                         Hexes                        1
   b - Ensorcelled Hibernation        Hexes/Ice                    2
   c - Confuse                        Hexes                        3
   d - Tukima's Dance                 Hexes                        3
   e - Dazzling Spray                 Conjuration/Hexes            3


   Skills:
 * Level 1.1 Fighting
 + Level 1.4 Short Blades
 + Level 2.4 Dodging
 + Level 4.8 Stealth
 + Level 2.3 Spellcasting
 + Level 4.8 Hexes


You had 3 spell levels left.
You knew the following spells:

 Your Spells              Type           Power        Failure   Level  Hunger
a - Corona                Hex            ###....      2%          1    #......
b - Ensorcelled Hibernat  Hex/Ice        ##....       11%         2    ###....


Dungeon Overview and Level Annotations

Branches:
Dungeon (2/15)

Altars:

Annotations:
D:2 Sigmund


Innate Abilities, Weirdness & Mutations

You have razor-sharp teeth.
You have supernaturally acute eyesight. (SInv)
You can survive without breathing.


Message History

You hit Sigmund but do no damage.
Sigmund is severely wounded.
Sigmund gestures at you while chanting. The puff of flame hits you!
* * * LOW HITPOINT WARNING * * *
Casting: Ensorcelled Hibernation
Confirm with . or Enter, or press ? or * to list all spells.
Aiming: Ensorcelled Hibernation
Press: ? - help, Shift-Dir - straight line, f - you, p - Sigmund That would be overly suicidal.
Okay, then.
Casting: Ensorcelled Hibernation
Confirm with . or Enter, or press ? or * to list all spells.
Aiming: Ensorcelled Hibernation
Press: ? - help, Shift-Dir - straight line, f - Sigmund
Aim: Sigmund, wielding a scythe and wearing an embroidered robe (severely wounded, slightly transparent, not susceptible) Sigmund is unaffected.
Sigmund points at you and mumbles some strange words.
The magic dart hits you!
You die...

#......(..........##.....##
##.#..#####.#..............##
#.<##.#####.................#
..........#.................#
..###.....##.÷%.............#
#####.######.....†..........#
.......# #................#
....#..# #..<.............#
....#..# #....@..........##
....#..## #.#..@..##.....##
....#..>####.###.##########
....#.#......# #.#
....#.######...#.### ....#..
#...# ....### #..##.# ##....#
.........


You could see Sigmund (invisible).

Vanquished Creatures
  An adder (D:2)
  A dart slug (D:1)
  6 bats
  3 giant cockroaches
  5 hobgoblins (D:1)
  A kobold (D:2)
  2 rats (D:1)
19 creatures vanquished.

Notes
Turn   | Place    | Note
-------+----------+-------------------------------------------
     0 | D:1      | Mirai the Vampire Enchanter began the quest for the Orb.
     0 | D:1      | Reached XP level 1. HP: 13/13 MP: 3/3
   207 | D:1      | Reached XP level 2. HP: 14/20 MP: 5/5
   216 | D:1      | Learned a level 2 spell: Ensorcelled Hibernation
   605 | D:2      | Reached skill level 1 in Fighting
   677 | D:2      | Reached XP level 3. HP: 26/26 MP: 6/6
   715 | D:2      | Noticed Sigmund
   749 | D:2      | Killed from afar by Sigmund

Skill      XL: |  1  2 |
---------------+-------+-----
Fighting       | 1 |  1.1
Short Blades   | |  1.4
Dodging        | |  2.4
Stealth        | |  4.8
Spellcasting   | |  2.3
Hexes          | |  4.8

Action                   || total
-------------------------++-------
Melee: Dagger            ||    87
       Bite              ||     6
 Cast: Corona            ||     3
       Ensorcelled Hiber ||     6
 Stab: Sleeping          ||     6
  Eat: Corpse            ||     3
Armor: Robe              ||    19
Dodge: Dodged            ||    71
